 Dungeon Crawl Stone Soup version 0.31-a0-986-g5e6e4ef867 (webtiles) character file.

Game seed: 9005371603165337578

847 timneilson the Ruffian (level 8, -4/54 HPs)
             Began as an Octopode Shapeshifter on Nov 12, 2023.
             Slain by an ice beast (8 damage)
             ... on level 5 of the Dungeon.
             The game lasted 00:08:19 (4019 turns).

timneilson the Ruffian (Octopode Shapeshifter)      Turns: 4019, Time: 00:08:21

Health: -4/54      AC:  1    Str: 15    XL:     8   Next: 1%
Magic:  11/11      EV: 14    Int: 13    God:
Gold:   263        SH:  0    Dex: 11    Spells: 11/11 levels left

rFire   . .          .
                       - Unarmed
rCold   . . .        (no shield)
rNeg    . . .        (helmet currently unavailable)
rPois   .            (no amulet)
rElec   .            (no ring)
rCorr   .            (no ring)
SInv    .            (no ring)
Will    .....        (no ring)
Stlth   +++          (no ring)
HPRegen 0.29/turn    (no ring)
MPRegen 0.12/turn    (no ring)
                     (no ring)

%: no passive effects
@: beast-form
A: beast (slay +2), almost no armour, amphibious, 8 rings, camouflage 1,
gelatinous body 1, (nimble swimmer 1), tentacles
a: Begin Untransformation


You were on level 5 of the Dungeon.
You were a hulking beast.
You visited 1 branch of the dungeon, and saw 5 of its levels.

You collected 263 gold pieces.

Inventory:

Talismans
 b - a beast talisman
 c - a flux talisman
Wands
 i - a wand of acid (8)
Scrolls
 d - 2 scrolls of brand weapon
 f - 2 scrolls of fog
 g - a scroll of enchant weapon
 h - 2 scrolls of identify
Potions
 a - 2 potions of lignification
 e - a potion of heal wounds
 k - a potion of mutation


   Skills:
 * Level 3.8 Fighting
 * Level 4.3 Dodging
 + Level 3.5 Stealth
 * Level 4.8 Unarmed Combat
 + Level 2.2 Spellcasting
 + Level 0.0 Evocations
 * Level 4.6 Shapeshifting


You had 11 spell levels left.
You didn't know any spells.
Your spell library was empty.

Dungeon Overview and Level Annotations

Branches:
Dungeon (5/15)
 Temple: D:4-7

Altars:
Kikubaaqudgha
Trog
Vehumet

Annotations:
D:2 1 runed translucent door, Crazy Yiuf


Innate Abilities, Weirdness & Mutations

You are a hulking beast.
Your limbs bulge with bestial killing power. (Slay +2)
You cannot wear most types of armour.
You are amphibious.
You can wear up to eight rings at the same time.
Your skin changes colour to match your surroundings (Stealth+).
Your rubbery body absorbs attacks. (AC +1, EV +1)
((You are camouflaged when in or above water. (Stealth+)))
You have tentacles for arms and can constrict up to eight enemies at once.


Message History

You tentacle-slap the ice beast.
The ice beast is lightly wounded.
You closely miss the ice beast. Your squeeze misses the ice beast.
The ice beast is lightly wounded.
The ice beast barely misses you.
You tentacle-slap the ice beast but do no damage.
Your tentacle-slap misses the ice beast.
You squeeze the ice beast.
The ice beast is lightly wounded.
The ice beast hits you. The ice beast freezes you.
You bludgeon the ice beast!
The ice beast is heavily wounded.
The ice beast misses you.
You tentacle-slap the ice beast.
The ice beast is heavily wounded.
The ice beast hits you. The ice beast freezes you!
You closely miss the ice beast.
You squeeze the ice beast, but do no damage.
The ice beast is heavily wounded.
The ice beast hits you. The ice beast freezes you!
* * * LOW HITPOINT WARNING * * *
You tentacle-slap the ice beast.
The ice beast is severely wounded.
The ice beast misses you.
You tentacle-slap the ice beast.
The ice beast is almost dead.
The ice beast hits you.
* * * LOW HITPOINT WARNING * * *
The ice beast freezes you.
* * * LOW HITPOINT WARNING * * *
You tentacle-slap the ice beast.
The ice beast is almost dead.
The ice beast closely misses you.
You tentacle-slap the ice beast.
Your tentacle-slap misses the ice beast.
The ice beast is almost dead.
The ice beast hits you.
* * * LOW HITPOINT WARNING * * *
The ice beast freezes you!
You die...

#.....#.....##...##.
#.....#......#......
#.....#......#......
#.....#......#......
#.....'......#......
#.....#......#......
#....#########......
#....# ##>## #......
#[.h.##8...8#######.
#..Y.##.....# ##
#....#_....._#
#....##.....##
#....##8...8# #....#
#....# #....#


You could see an ice beast.

Vanquished Creatures
  2 black bears (D:4)
  An ogre (D:4)
  2 jellies (D:4)
  4 hounds
  2 sleepcaps
  An iguana (D:4)
  3 orc priests
  An orc wizard (D:4)
  8 adders
  3 worms (D:2)
  3 dart slugs
  15 orcs
  4 bats
  7 endoplasms
  7 giant cockroaches
  5 goblins
  7 hobgoblins
  3 jackals (D:2)
  14 kobolds
  3 quokkas
  5 ball pythons
  3 frilled lizards
  8 rats
111 creatures vanquished.

Notes
Turn   | Place    | Note
-------+----------+-------------------------------------------
     0 | D:1      | timneilson the Octopode Shapeshifter began the quest for
                  | the Orb.
     0 | D:1      | Reached XP level 1. HP: 13/13 MP: 1/1
   233 | D:1      | Reached XP level 2. HP: 18/18 MP: 2/2
   587 | D:1      | Reached XP level 3. HP: 16/23 MP: 3/3
   896 | D:2      | Reached skill level 1 in Stealth
  1092 | D:2      | Reached XP level 4. HP: 25/29 MP: 5/5
  1119 | D:2      | Reached skill level 1 in Spellcasting
  1277 | D:2      | Found a runed translucent door.
  1278 | D:2      | Noticed Crazy Yiuf
  1742 | D:3      | Reached XP level 5. HP: 28/34 MP: 6/6
  1861 | D:3      | Found a radiant altar of Vehumet.
  2229 | D:4      | Noticed an ogre
  2567 | D:4      | Reached XP level 6. HP: 7/41 MP: 8/8
  3062 | D:4      | Noticed a black bear
  3083 | D:4      | Killed a black bear
  3084 | D:4      | Reached XP level 7. HP: 40/46 MP: 9/9
  3826 | D:5      | Entered Level 5 of the Dungeon
  3992 | D:5      | Found an ancient bone altar of Kikubaaqudgha.
  3995 | D:5      | Found a bloodstained altar of Trog.
  4010 | D:5      | Reached XP level 8. HP: 48/54 MP: 11/11
  4019 | D:5      | Slain by an ice beast

Illustrated notes

Levels and vault maps discovered:
D:1:      dpeg_cavernosity, layout_rooms
D:2:      layout_rooms, uniq_crazy_yiuf_cottage
D:3:      layout_basic, mainiacjoe_overflow_catwalk
D:4:      minmay_recursive_quarters, layout_loops_corners, corexii_corridor_pit,
          grunt_ministairs_15, serial_park_tiny_pond, kennysheep_generic_room_16
D:5:      layout_gridville, nicolae_overflow_crystal_walls,
          nicolae_overflow_hidden_temple

Skill      XL: |  1  2  3  4  5  6  7 |
---------------+----------------------+-----
Stealth        | 1 2 3 |  3.5
Spellcasting   | 1 2 |  2.2
Fighting       | 2 3 |  3.8
Dodging        | 3 4 |  4.3
Unarmed Combat | 4 |  4.8
Shapeshifting  | 4 |  4.6

Action                     |  1- 3 |  4- 6 |  7- 9 || total
---------------------------+-------+-------+-------++-------
  Melee: Unarmed           |    72 |   137 |    51 ||   260
         Constrict         |    19 |    34 |     8 ||    61
         Tentacles         |    14 |    31 |    11 ||    56
         Punch             |     2 |     5 |     1 ||     8
    Use: Scroll            |     5 |     6 |     2 ||    13
         Potion            |     1 |       |       ||     1
   Stab: Sleeping          |    12 |     9 |     3 ||    24
 Armour: Skin              |    32 |    47 |    19 ||    98
  Dodge: Dodged            |    32 |    57 |    34 ||   123

Table legend: (Time is in decaauts)
 A = Elapsed time spent in this place.
 B = Non-inter-level travel time spent in this place.
 C = Inter-level travel time spent in this place.
 D = Time resting spent in this place.
 E = Time spent auto-exploring this place.
 F = Levels seen in this place.
 G = Mean time per level.
                   A        B        C        D        E       F      G
               +--------+--------+--------+--------+--------+-----+--------+
         Total |   3999 |   3809 |    190 |    501 |   2253 |   5 |  799.8 |
       Dungeon |   3999 |   3809 |    190 |    501 |   2253 |   5 |  799.8 |
               +--------+--------+--------+--------+--------+-----+--------+

Top non-repeatable levels by time:
     D:4: 1608 daAuts
     D:1: 881 daAuts
     D:2: 818 daAuts
     D:3: 500 daAuts
     D:5: 191 daAuts
